 Dungeon Crawl Stone Soup version 0.31-a0-875-g02e7d12df6 (webtiles) character file.

Game seed: 654424995197465744

8 P0068685 the Sneak (level 2, 0/24 HPs)
             Began as a Human Delver on Oct 12, 2023.
             Slain by Ijyb
             ... wielding a +0 club
              (4 damage)
             ... on level 5 of the Dungeon.
             The game lasted 00:01:15 (108 turns).

P0068685 the Sneak (Human Delver)                    Turns: 108, Time: 00:01:15

Health: 0/24       AC:  3    Str: 12    XL:     2   Next: 15%
Magic:  2/2        EV: 12    Int: 10    God:
Gold:   0          SH:  0    Dex: 14    Spells: 1/1 levels left

rFire   . . .        a - +0 mace
rCold   . . .        (no shield)
rNeg    . . .        b - +0 leather armour
rPois   .            (no helmet)
rElec   .            (no cloak)
rCorr   .            (no gloves)
SInv    .            (no boots)
Will    .....        (no amulet)
Stlth   +++          (no ring)
HPRegen 0.24/turn    (no ring)
MPRegen 0.08/turn

%: no passive effects
@: no status effects
A: no striking features
a: no special abilities


You were on level 5 of the Dungeon.
You visited 1 branch of the dungeon, and saw 1 of its levels.

Inventory:

Hand Weapons
 a - a +0 mace (weapon)
Armour
 b - a +0 leather armour (worn)
Wands
 g - a wand of digging (3)
Scrolls
 c - a scroll of fog
 d - a scroll of revelation
 e - a scroll of fear
 h - a scroll of identify {unknown}
Potions
 f - a potion of haste


   Skills:
 + Level 3.0 Fighting
 + Level 2.0 Maces & Flails
 + Level 2.0 Dodging
 + Level 5.3 Stealth


You had one spell level left.
You didn't know any spells.
Your spell library was empty.

Dungeon Overview and Level Annotations

Branches:
Dungeon (5/15)
 Temple: D:4-7

Altars:

Annotations:
D:5 Ijyb


Message History

The orc is lightly wounded.
The orc barely misses you. The orc hits you with a +0 mace.
You thump the orc!
You kill the orc!
Things that are here:
a +0 mace; 3 boomerangs; an orc corpse The helpless orc fails to defend itself.
You sock the orc!
You kill the orc!
You have reached level 2!
Things that are here:
a +0 hand axe; an orc corpse
Found 15 gold pieces.
An orc comes into view. It is wielding a +0 dagger.
You see here 15 gold pieces.
The helpless orc fails to defend itself.
You hit the orc.
The orc is lightly wounded.
The orc hits you with a +0 dagger.
You hit the orc but do no damage.
The orc is lightly wounded.
The orc misses you. The orc hits you with a +0 dagger.
You hit the orc.
The orc is heavily wounded.
The orc hits you with a +0 dagger.
You hit the orc.
You kill the orc!
Things that are here:
a +0 dagger; an orc corpse
Found a robe and a scroll labelled PIVVEOLOAB.
Found a stone staircase leading up.
h - a scroll labelled PIVVEOLOAB Ijyb the Twisted Goblin comes into view.
She is wielding a +0 club and carrying a wand of iceblast.
Found a stone staircase leading up.
Ijyb zaps a wand.
The mass of ice explodes!
The iceblast engulfs you!
Ouch! That really hurt!
* * * LOW HITPOINT WARNING * * *
You hear a bark!
Ijyb hits you with a +0 club.
You die...

....# ....#
....## ......
.... ♣♣ ♣♣.. #
#.##.##.###.##.
#....g@........
####.......<...
####.###....
####.## ...
#.....# .
#.##..# #.##..#
##.##....
#..##...#.# ♣♣


You could see Ijyb.

Vanquished Creatures
  4 orcs (D:5)
4 creatures vanquished.

Notes
Turn   | Place    | Note
-------+----------+-------------------------------------------
     0 | D:5      | P0068685 the Human Delver began the quest for the Orb.
     0 | D:5      | Reached XP level 1. HP: 18/18 MP: 1/1
    51 | D:5      | Reached XP level 2. HP: 10/24 MP: 2/2
   105 | D:5      | Noticed Ijyb
   108 | D:5      | Slain by Ijyb

Illustrated notes

Levels and vault maps discovered:
D:5:      layout_basic, kennysheep_mini_moat, nicolae_wooded_promenade,
          uniq_prince_ribbit1, uniq_ijyb

Action                     || total
---------------------------++-------
  Melee: Mace              ||    16
   Stab: Sleeping          ||     3
 Armour: Leather armour    ||    13
  Dodge: Dodged            ||     7

Table legend: (Time is in decaauts)
 A = Elapsed time spent in this place.
 B = Non-inter-level travel time spent in this place.
 C = Inter-level travel time spent in this place.
 D = Time resting spent in this place.
 E = Time spent auto-exploring this place.
 F = Levels seen in this place.
 G = Mean time per level.
                   A        B        C        D        E       F      G
               +--------+--------+--------+--------+--------+-----+--------+
         Total |    112 |    112 |      0 |      0 |      2 |   1 |  112.0 |
       Dungeon |    112 |    112 |      0 |      0 |      2 |   1 |  112.0 |
               +--------+--------+--------+--------+--------+-----+--------+

Top non-repeatable levels by time:
     D:5: 112 daAuts
